[Event "2.Spand. W-Open 2016"]
[Site "Spandau"]
[Date "2016.12.28"]
[Round "4.1"]
[White "Hansch, Karsten"]
[Black "Meister, Jakob"]
[Result "1/2-1/2"]
[WhiteElo "2220"]
[BlackElo "2444"]
[Annotator "Stelti"]
[PlyCount "127"]
[EventDate "2016.??.??"]
[TimeControl "6000+425"]
[WhiteClock "0:31:13"]
[BlackClock "0:16:58"]

1. d4 e6 2. c4 Bb4+ 3. Bd2 Bxd2+ 4. Nxd2 Nc6 5. Ngf3 d6 6. e3 e5 7. Be2 Nf6 8.
Qc2 Qe7 9. d5 Nb8 10. Bd3 Na6 11. b4 c5 12. a3 O-O 13. b5 Nb8 14. O-O Bg4 15.
Ng5 h6 16. Nh7 Nxh7 17. Bxh7+ Kh8 18. Bf5 Bxf5 19. Qxf5 Nd7 20. Rae1 a6 21. Rb1
axb5 22. Rxb5 b6 23. Ra1 Ra4 24. Rb3 g6 25. Qh3 Kg7 26. e4 Rfa8 27. Rc1 Qd8 28.
Rcc3 Nf6 29. Qh4 R4a6 30. Rh3 Nh5 31. Qxd8 Rxd8 32. Rhe3 f5 33. f3 Nf6 34. Kf1
Kf7 35. Ke2 f4 36. Rec3 g5 37. h3 h5 38. Rc1 Rda8 39. Nb1 Nd7 40. Rh1 Ke7 41.
Kd3 Nf6 42. Nc3 Rg8 43. Rhb1 Nd7 44. Rh1 Rg6 45. Nb5 Kd8 46. Ke2 Ra4 47. Kd3
Ra8 48. Rb2 Ke7 49. Kc3 Rh6 50. Kd3 Rah8 51. Rbb1 g4 52. Rbg1 Nf6 53. Ke2 Kd7
54. Kf2 R6h7 55. Ke2 Rh6 56. Kf2 R8h7 57. Nc3 Rg6 58. hxg4 hxg4 59. Rxh7+ Nxh7
60. Rh1 Nf6 61. Rb1 Kc7 62. Nb5+ Kd7 63. Nc3 Kc7 64. Nb5+ 1/2-1/2

[Event "2.Spand. W-Open 2016"]
[Site "Spandau"]
[Date "2016.12.28"]
[Round "4.2"]
[White "Muse, Drazen"]
[Black "Weber, Dirk"]
[Result "1/2-1/2"]
[ECO "A46"]
[WhiteElo "2358"]
[BlackElo "2246"]
[Annotator "Stelti"]
[PlyCount "74"]
[EventDate "2016.??.??"]
[TimeControl "6000+695"]
[WhiteClock "0:50:47"]
[BlackClock "0:06:35"]

1. d4 Nf6 2. Nf3 c5 3. e3 e6 4. Bd3 Qc7 5. c4 Be7 6. Nc3 a6 7. O-O O-O 8. b3 b5
9. d5 exd5 10. cxd5 d6 11. h3 Re8 12. e4 Nfd7 13. Bf4 Bf6 14. Rc1 Nf8 15. a4
Ng6 16. Bg3 b4 17. Nb1 a5 18. Nbd2 Nd7 19. Nc4 Nge5 20. Nfxe5 Nxe5 21. Nxe5
Bxe5 22. Bxe5 Rxe5 23. f4 Re8 24. Qf3 Bb7 25. Bb5 Re7 26. Qd3 Rd8 27. Rcd1 Qb6
28. Kh2 Qa7 29. Rfe1 h6 30. g4 c4 31. Qd4 Qxd4 32. Rxd4 cxb3 33. Rb1 Rc7 34.
Rxb3 g5 35. Kg3 Rdc8 36. h4 Rc3+ 37. Rd3 Rd8 {Rd4 Kg7+} 1/2-1/2

[Event "2.Spand. W-Open 2016"]
[Site "Spandau"]
[Date "2016.12.28"]
[Round "4.3"]
[White "Hansch, Thorsten"]
[Black "Ahmadinia, Ebrahim"]
[Result "0-1"]
[ECO "D10"]
[WhiteElo "2138"]
[BlackElo "2357"]
[Annotator "Stelti"]
[PlyCount "78"]
[EventDate "2016.??.??"]
[BlackTeam "Iran"]
[BlackTeamCountry "IRI"]
[TimeControl "6000+960"]
[WhiteClock "0:10:49"]
[BlackClock "0:05:20"]

1. d4 d5 2. c4 c6 3. cxd5 cxd5 4. Nc3 Nf6 5. Nf3 Nc6 6. Bf4 e6 7. e3 Nh5 8. Bg5
Qb6 9. a3 h6 10. Bh4 g5 11. Bg3 Nxg3 12. hxg3 Bg7 13. Bd3 Qd8 14. Rc1 Kf8 15.
b4 a6 16. Qb3 g4 17. Nd2 h5 18. Be2 Rh6 19. a4 Kg8 20. b5 axb5 21. axb5 Na5 22.
Qc2 e5 23. dxe5 Bxe5 24. Nb3 Nxb3 25. Qxb3 Be6 26. Qb4 Qg5 27. Rd1 Qf6 28. Nb1
Kg7 29. Bd3 d4 30. e4 h4 31. Rxh4 Rxh4 32. gxh4 g3 33. f3 Qxh4 34. Bf1 Ra2 35.
Rd2 Qf4 36. Be2 Ra1 37. Bd3 Qe3+ 38. Kd1 Qg1+ 39. Kc2 Ra2+ 0-1

[Event "2.Spand. W-Open 2016"]
[Site "Spandau"]
[Date "2016.12.28"]
[Round "4.4"]
[White "Hartmann, Jakob"]
[Black "Schulz, Michael"]
[Result "1-0"]
[ECO "C05"]
[WhiteElo "2049"]
[BlackElo "2141"]
[PlyCount "53"]
[EventDate "2016.??.??"]
[TimeControl "6000+1305"]
[WhiteClock "0:17:06"]
[BlackClock "1:16:08"]

1. e4 e6 2. d4 d5 3. Nd2 Nf6 4. e5 Nfd7 5. Bd3 c5 6. c3 Nc6 7. Ne2 Qb6 8. Nf3
cxd4 9. cxd4 f6 10. O-O fxe5 11. dxe5 Ndxe5 12. Nxe5 Nxe5 13. Be3 Qc7 14. Bf4
Bd6 15. Nd4 a6 16. Re1 O-O 17. Bxe5 Bxe5 18. Qh5 Bxh2+ 19. Qxh2 Qxh2+ 20. Kxh2
Rxf2 21. Nxe6 Bxe6 22. Rxe6 Rxb2 23. Rf1 Rd2 24. Rf3 g6 25. Bxg6 hxg6 26. Rxg6+
Kh7 27. Rg4 1-0

[Event "2.Spand. W-Open 2016"]
[Site "Spandau"]
[Date "2016.12.28"]
[Round "4.6"]
[White "Koop, Sören"]
[Black "Tiarks, Jann-Christian"]
[Result "1-0"]
[ECO "B29"]
[WhiteElo "2086"]
[BlackElo "2030"]
[Annotator "Stelti"]
[PlyCount "77"]
[EventDate "2016.??.??"]
[TimeControl "6000+725"]
[WhiteClock "0:16:17"]
[BlackClock "0:48:40"]

1. e4 c5 2. Nf3 Nf6 3. Nc3 d5 4. exd5 Nxd5 5. Bb5+ Bd7 6. Ne5 Nf6 7. Qf3 Qc8 8.
Nxd7 Nbxd7 9. Nd5 Nxd5 10. Qxd5 e6 11. Qg5 a6 12. Be2 Qc7 13. d3 h6 14. Qe3 Be7
15. Bd2 Bf6 16. Rb1 Bg5 17. f4 Bf6 18. Bf3 O-O 19. Qe4 Rab8 20. O-O Rfd8 21.
Kh1 Nb6 22. g4 c4 23. g5 hxg5 24. fxg5 Be5 25. g6 f5 26. Qh4 Bf6 27. Qh7+ Kf8
28. Bb4+ Rd6 29. dxc4 Nxc4 30. Rbd1 a5 31. Bxd6+ Nxd6 32. Rd3 Nc4 33. Rd7 Qxd7
34. Qh8+ Ke7 35. Qxb8 Ne3 36. Re1 Nxc2 37. Rc1 Qd3 38. Qxb7+ Ke8 39. Qf7+ 1-0